 Dungeon Crawl Stone Soup version 0.19-a0-1888-g6ba2374 (webtiles) character file.

9131 Naow the Peltast (level 11, -2/74 (75) HPs)
             Began as a Formicid Fighter on Oct 17, 2016.
             Was a High Priest of Okawaru.
             Slain by an orc warlord
             ... wielding a +3 broad axe of electrocution
              (9 damage)
             ... on level 10 of the Dungeon.
             The game lasted 00:21:21 (10388 turns).

Naow the Peltast (Formicid Fighter)                Turns: 10388, Time: 00:21:21

HP:   -2/74 (75)    AC: 22    Str: 24    XL:     11   Next: 68%
MP:   8/14          EV:  9    Int:  8    God:    Okawaru [*****.]
Gold: 577           SH: 16    Dex: 10    Spells: 0 memorised, 10 levels left

rFire  + . .     SeeInvis +     Q - +0 battleaxe (chop)
rCold  x . .     Gourm    .     n - +0 plate armour (curse)
rNeg   . . .     Faith    .     c - +0 shield
rPois  .         Spirit   .     (helmet unavailable)
rElec  .         Dismiss  .     M - +0 cloak
rCorr  +         Reflect  .     U - +1 pair of gloves
MR     ++...     Harm     .     e - +2 pair of boots
Stlth  .......... Clarity  +    (no amulet)
                                H - ring of resist corrosion
                                B - ring of fire

@: heroism, finesse
A: permanent stasis, dig shafts and tunnels, four strong arms, antennae 3,
clarity, magic resistance 1
a: Dig, Shaft Self, Heroism, Finesse, Renounce Religion


You were on level 10 of the Dungeon.
You worshipped Okawaru.
Okawaru was extremely pleased with you.
You were not hungry.

You visited 2 branches of the dungeon, and saw 11 of its levels.

You collected 577 gold pieces.

Inventory:

Hand Weapons
 a - a +0 war axe
 G - a +0 broad axe
 Q - a +0 battleaxe of chopping (weapon)
Armour
 b - a +0 scale mail
 c - a +0 shield (worn)
 e - a +2 pair of boots (worn)
 g - a +0 pair of boots
 h - a +0 pair of gloves
 n - a cursed +0 plate armour (worn)
 M - a +0 cloak (worn)
 U - a +1 pair of gloves (worn)
Jewellery
 B - a ring of fire (left hand)
 H - a ring of resist corrosion (right hand)
 X - the ring "Boimeful" {*Contam +Inv MR+ Int+5 Slay+3, unknown}
   (You found it on level 10 of the Dungeon)

   [ring of slaying]

   It affects your intelligence (+5).
   It affects your accuracy and damage with ranged weapons and melee attacks
   (+3).
   It affects your resistance to hostile enchantments.
   It lets you turn invisible.
   It causes magical contamination when unequipped.
Wands
 E - a wand of lightning (4/15)
 N - a wand of iceblast (10/15)
 T - a wand of flame (27/48)
Scrolls
 j - 3 scrolls of amnesia {unknown}
 k - 9 scrolls of remove curse {unknown}
 l - 13 scrolls of identify {unknown}
 m - 3 scrolls of magic mapping {unknown}
 q - 5 scrolls of teleportation {unknown}
 r - a scroll of random uselessness {unknown}
 t - a scroll of immolation {unknown}
 u - 2 scrolls of enchant armour {unknown}
 v - 2 scrolls of enchant weapon {unknown}
 x - 3 scrolls of fog {unknown}
 y - 2 scrolls of blinking {unknown}
 J - a scroll of acquirement {unknown}
 S - a scroll of noise {unknown}
Potions
 d - 2 potions of might
 p - 2 potions of flight
 s - a potion of resistance {unknown}
 z - 4 potions of haste {unknown}
 A - a potion of degeneration {unknown}
 C - a potion of mutation
 D - 2 potions of lignification {unknown}
 F - 4 potions of curing
 K - a potion of invisibility {unknown}
 P - a potion of brilliance {unknown}
 R - a potion of heal wounds {unknown}
Books
 w - a book of Conjurations

   Spells                             Type                      Level
   a - Magic Dart                     Conjuration                  1
   b - Searing Ray                    Conjuration                  2
   c - Dazzling Spray                 Conjuration/Hexes            3
   d - Fulminant Prism                Conjuration/Hexes            4
   e - Iskenderun's Mystic Blast      Conjuration                  4
   f - Iskenderun's Battlesphere      Conjuration/Charms           5
 O - a book of Enchantments

   Spells                             Type                      Level
   a - Cause Fear                     Hexes                        4
   b - Yara's Violent Unravelling     Hexes/Transmutation          5
   c - Silence                        Hexes/Air                    5
   d - Deflect Missiles               Charms/Air                   6
   e - Discord                        Hexes                        8
Comestibles
 f - 9 bread rations
 i - 9 fruits
 o - 3 meat rations
 I - 3 beef jerkies
 L - 7 slices of pizza
 V - 14 chunks of flesh
 W - a royal jelly


   Skills:
 - Level 3.2(8.2) Fighting
 - Level 9.2(14.2) Axes
 - Level 6.2(11.2) Armour
 - Level 15.7(20.7) Shields
 + Level 4.9 Invocations


You had 10 spell levels left.
You didn't know any spells.

Dungeon Overview and Level Annotations

Branches:
Dungeon (10/15)            Temple (0/1) D:6             Orc (1/2) D:10
   Lair: D:8-11

Altars:
Cheibriados
Elyvilon
Nemelex Xobeh
Okawaru
Qazlal
Yredelemnul

Shops:
D:4 [   D:6 ?


Innate Abilities, Weirdness & Mutations

You are under a permanent stasis effect.
You can dig through walls and to a lower floor.
Your four strong arms can wield two-handed weapons with a shield.
You have a pair of large antennae on your head. (SInv)
You possess an exceptional clarity of mind.
You are resistant to hostile enchantments. (MR+)


Message History

You kill the orc warrior!
Okawaru accepts your kill.
You hit the orc warlord but do no damage.
The orc warlord is lightly wounded.
You block the orc warlord's attack.
You slash the orc warlord!
The orc warlord is lightly wounded.
You slash the orc warlord!
The orc warlord is moderately wounded.
Your plate armour prevents you from hitting the orc warlord.
The orc warlord is moderately wounded.
You block the orc warlord's attack.
You slice the orc warlord!!
The orc warlord is heavily wounded.
You closely miss the orc warlord.
The orc warlord is heavily wounded.
You hit the orc warlord.
The orc warlord is heavily wounded.
The orc warlord hits you with a broad axe of electrocution!
You die...

.# ###..........).##
'########.')>)......>...#
........#.##)##########.#
........#.#...# #...#.#
........#.#.8.# #.8.#.#
........#.#...## ##...#.#
........'.####'###'#.##.#
........### ##)).##.##)#
######'#### #.@)##.##)#
..........# ##)o)##.##.#
...[).###.####'###'#.##.#
.._)..# #.#...#####...#[#
...).)# #.'.8.......8[#.#
......# ###...#####..)[.#
......# ##### ##.##[#
......# #....# ......#
######


You could see an orc warlord.

Vanquished Creatures
  A hill giant (D:10)
  A two-headed ogre (D:10)
  2 hippogriffs
  A wraith (D:10)
  13 yaks
  A human (D:8)
  2 wyverns
  4 hogs (D:8)
  A hungry ghost (D:8)
  7 orc warriors
  An ice beast (D:8)
  A black bear (D:10)
  3 necrophages
  6 ogres
  5 centaurs
  A crocodile (D:10)
  A big kobold (D:8)
  5 bullfrogs
  A water moccasin zombie (D:6)
  A scorpion (D:9)
  A water moccasin skeleton (D:9)
  8 killer bees
  A centaur zombie (D:10)
  A bullfrog zombie (D:6)
  3 crimson imps
  A quasit (D:9)
  4 hounds
  2 jellies
  12 orc priests
  A bullfrog skeleton (D:10)
  2 centaur skeletons
  4 worker ants
  20 orc wizards
  4 iguanas
  2 hound zombies
  2 hound skeletons
  2 worker ant zombies
  A howler monkey zombie (D:7)
  11 adders
  6 gnolls
  4 shadow imps
  An adder skeleton (D:9)
  3 worms
  4 dart slugs
  7 leopard geckos
  66 orcs
  16 giant cockroaches
  2 goblins
  10 hobgoblins
  7 kobolds
  6 quokkas
  2 ball pythons
  10 bats
  3 frilled lizards
  8 rats
295 creatures vanquished.

Notes
Turn   | Place    | Note
-------+----------+-------------------------------------------
     0 | D:1      | Naow the Formicid Fighter began the quest for the Orb.
     0 | D:1      | Reached XP level 1. HP: 18/18 MP: 1/1
   146 | D:1      | Reached XP level 2. HP: 23/24 MP: 2/2
   393 | D:1      | Reached XP level 3. HP: 29/29 MP: 3/3
   900 | D:2      | Reached XP level 4. HP: 34/35 MP: 4/4
  1209 | D:3      | Found a sparkling altar of Nemelex Xobeh.
  1228 | D:3      | Reached skill level 5 in Axes
  1228 | D:3      | Reached XP level 5. HP: 14/41 MP: 5/5
  1619 | D:3      | Found a white marble altar of Elyvilon.
  1751 | D:4      | HP: 2/41 [poisoned by an adder]
  2147 | D:4      | Reached XP level 6. HP: 47/47 MP: 6/6
  2386 | D:4      | Noticed an ogre
  2396 | D:4      | Killed an ogre
  2401 | D:4      | Reached XP level 7. HP: 11/52 MP: 7/7
  2863 | D:4      | Found Loescheho's Armour Boutique.
  2990 | D:4      | Found a stormy altar of Qazlal.
  2990 | D:4      | Found an iron altar of Okawaru.
  2995 | D:4      | Became a worshipper of Warmaster Okawaru
  3132 | D:5      | Entered Level 5 of the Dungeon
  3401 | D:3      | Reached skill level 5 in Armour
  4147 | D:5      | Reached XP level 8. HP: 58/58 MP: 8/8
  4460 | D:6      | Reached * piety under Okawaru
  4460 | D:6      | Reached skill level 4 in Shields
  4531 | D:6      | Reached skill level 5 in Shields
  4646 | D:6      | You fall through a shaft for 3 floors!
  4678 | D:8      | Gained mutation: You are resistant to hostile enchantments. (MR+) [potion of mutation]
  4678 | D:8      | Gained mutation: You possess an exceptional clarity of mind. [potion of mutation]
  4680 | D:8      | Reached skill level 6 in Shields
  5032 | D:8      | Found a basalt altar of Yredelemnul.
  5114 | D:8      | Reached skill level 7 in Shields
  5127 | D:8      | Reached ** piety under Okawaru
  5153 | D:8      | Reached skill level 8 in Shields
  5330 | D:7      | Reached XP level 9. HP: 58/64 MP: 9/9
  5503 | D:7      | Reached skill level 9 in Shields
  5514 | D:7      | Noticed a hippogriff
  5525 | D:7      | Killed a hippogriff
  5525 | D:7      | Reached skill level 10 in Shields
  6373 | D:8      | Reached *** piety under Okawaru
  6373 | D:8      | Reached skill level 11 in Shields
  6608 | D:8      | Reached skill level 12 in Shields
  6614 | D:8      | Reached XP level 10. HP: 38/70 MP: 10/10
  6617 | D:8      | Reached **** piety under Okawaru
  6879 | D:6      | Found Waguscheg's Magic Scroll Shoppe.
  6941 | D:6      | Reached skill level 13 in Shields
  7179 | D:6      | Found a staircase to the Ecumenical Temple.
  7846 | D:8      | Paralysed by fainting for 5 turns
  7945 | D:9      | Reached skill level 14 in Shields
  8607 | D:9      | Reached skill level 15 in Shields
  8612 | D:9      | Reached ***** piety under Okawaru
  8613 | D:9      | Reached XP level 11. HP: 51/74 MP: 9/11
  9098 | D:10     | Entered Level 10 of the Dungeon
  9217 | D:10     | Found a staircase to the Orcish Mines.
  9305 | D:10     | Found a snail-covered altar of Cheibriados.
  9691 | D:10     | Received a gift from Okawaru
 10011 | D:10     | Reached skill level 1 in Invocations
 10030 | D:10     | Noticed a hill giant
 10039 | D:10     | Killed a hill giant
 10215 | D:10     | Got a pitted tin ring
 10366 | Orc:1    | Entered Level 1 of the Orcish Mines
 10369 | Orc:1    | Noticed an orc warlord
 10388 | D:10     | Slain by an orc warlord

Vault maps used:
D:1:      dpeg_arrival_rhombus, minmay_misc_feat_square
D:2:      minmay_roachtagon
D:3:      old_standard_altar, overflow_temple_1_default, first_bread
D:4:      gammafunk_temple_overflow_wave, serial_shops, shop,
          minmay_misc_feat_diagonals, eino_tiny_chamber,
          minmay_tree_intersection
D:6:      serial_shops, shop, grunt_ministairs_9
D:8:      lemuel_doored_altar, grunt_livestock
D:10:     hiddenorc2_lemuel, basic_altar
Orc:1:    serial_shops, nicolae_shop_competitors_out_of_business

Skill      XL: |  1  2  3  4  5  6  7  8  9 10 11 |
---------------+----------------------------------+-----
Axes           | 3 5 7 9 |  9.2
Armour         | 6 |  6.2
Shields        | 8 12 15 | 15.7
Invocations    | 4 |  4.9
Fighting       | |  3.2

Action                   |  1- 3 |  4- 6 |  7- 9 | 10-12 || total
-------------------------+-------+-------+-------+-------++-------
Melee: War axe           |   104 |   148 |   247 |       ||   499
       Broad axe         |       |       |   142 |   448 ||   590
       Battleaxe         |       |       |       |   203 ||   203
Invok: Heroism           |       |       |     1 |    13 ||    14
       Finesse           |       |       |       |     1 ||     1
 Abil: Shaft Self        |       |       |     1 |       ||     1
       Dig               |       |       |       |     1 ||     1
  Use: Potion            |       |     3 |     2 |       ||     5
  Eat: Chunk             |       |     5 |    13 |    14 ||    32
       Fruit             |       |       |       |     5 ||     5
       Bread ration      |       |       |       |     1 ||     1
Armor: Scale mail        |    21 |       |       |       ||    21
       Plate armour      |    28 |   120 |   220 |   323 ||   691
Dodge: Dodged            |    17 |    35 |    95 |   174 ||   321
Block: Shield            |    62 |    79 |   245 |   535 ||   921
